General information
- name: BNet
- type: Ladder 1vs1/FFA
- host: Battle.net
- saver: cvntpunt
map: TwistedMeadows
- players: 2
- length: 23:08
- speed: Fast
- version: 1.21 W3XP
- replay type: Public
» download(78 KB)
Players
team 1 (loser)
4el (
red | 56 APM | 1292 actions | 23:06)
3 Demon Hunter
1 Mana Burn
2 Immolation
3 Keeper of the Grove
2 Entangling Roots
1 Thorns Aura
» actions
| Assign group hotkey | 31 | |
| Basic commands | 157 | |
| Build / train | 61 | |
| Enter build submenu | 12 | |
| Enter hero's abilities submenu | 6 | |
| Remove unit from queue | 2 | |
| Right click | 469 | |
| Select / deselect | 326 | |
| Select group hotkey | 138 | |
| Use ability | 90 | |
1292 total
» units
| Wisp | 13 | |
| Huntress | 3 | |
| Glaive Thrower | 1 | |
| Dryad | 12 | |
| Druid of the Claw | 11 | |
40 total
» upgrades
| Moon Armor | 1 | |
| Druid of the Claw Training | 2 | |
| Reinforced Hides | 2 | |
| Mark of the Claw | 1 | |
| Strength of the Wild | 2 | |
| Abolish Magic | 1 | |
9 total
» buildings
| Altar of Elders | 1 | |
| Moon Well | 6 | |
| Hunter's Hall | 1 | |
| Ancient of War | 1 | |
| Ancient Protector | 1 | |
| Tree of Ages | 1 | |
| Ancient of Lore | 2 | |
| Tree of Eternity | 1 | |
14 total
» build order
00:08 Altar of Elders
00:17 Moon Well
01:27 Hunter's Hall
01:47 Ancient of War
02:03 Moon Well
02:59 Moon Well
03:20 Ancient Protector
03:24 Tree of Ages
05:56 Ancient of Lore
06:04 Ancient of Lore
07:03 Tree of Eternity
08:39 Moon Well
09:39 Moon Well
21:51 Moon Well
team 2 (winner)
cvntpunt (
orange | 97 APM | 2246 actions | 23:08)
6 Blademaster
2 Wind Walk
3 Critical Strike
1 Bladestorm
5 Shadow Hunter
2 Hex
3 Healing Wave
» actions
| Assign group hotkey | 43 | |
| Basic commands | 128 | |
| Build / train | 86 | |
| Enter build submenu | 20 | |
| Enter hero's abilities submenu | 12 | |
| Give item / drop item | 10 | |
| Remove unit from queue | 3 | |
| Right click | 1079 | |
| Select / deselect | 429 | |
| Select group hotkey | 296 | |
| Use ability | 140 | |
2246 total
» units
| Peon | 8 | |
| Grunt | 12 | |
| Raider | 9 | |
| Spirit Walker | 5 | |
| Wind Rider | 6 | |
40 total
» upgrades
| Berserker Strength | 1 | |
| Pillage | 1 | |
| Ensnare | 1 | |
| Spirit Walker Training | 1 | |
4 total
» buildings
| Altar of Storms | 1 | |
| Orc Burrow | 5 | |
| Barracks | 1 | |
| Stronghold | 1 | |
| Voodoo Lounge | 2 | |
| War Mill | 1 | |
| Beastiary | 1 | |
| Spirit Lodge | 1 | |
| Watch Tower | 1 | |
| Great Hall | 2 | |
| Fortress | 1 | |
17 total
» build order
00:02 Altar of Storms
00:17 Orc Burrow
00:38 Barracks
01:53 Orc Burrow
02:55 Stronghold
03:12 Voodoo Lounge
03:49 War Mill
03:51 Voodoo Lounge
04:01 Orc Burrow
04:51 Orc Burrow
05:58 Beastiary
07:04 Spirit Lodge
08:45 Watch Tower
11:15 Orc Burrow
11:28 Great Hall
17:34 Great Hall
20:39 Fortress
» items
| Healing Salve | 7 | |
| Lesser Clarity Potion | 10 | |
| Scroll of Speed | 2 | |
| Boots of Speed | 1 | |
| Potion of Mana | 4 | |
24 total
Chat log
(17:03 / All) 4el: maphacker
(17:57 / All) cvntpunt: ok?